General information
- name: BNet
- type: Ladder 1vs1/FFA
- host: Battle.net
- saver: Boogaloo_Shrimp
map: GnollWood
- players: 2
- length: 46:50
- speed: Fast
- version: 1.26 W3XP
- replay type: Public
» download(141 KB)
Players
team 1 (winner)
Boogaloo_Shrimp (
teal | 82 APM | 3825 actions | 46:50)
7 Archmage
3 Blizzard
3 Brilliance Aura
1 Mass Teleport
6 Blood Mage
2 Flame Strike
3 Banish
1 Summon Phoenix
3 Paladin
2 Divine Shield
1 Holy Light
» actions
| Assign group hotkey | 147 | |
| Basic commands | 93 | |
| Build / train | 231 | |
| ESC pressed | 8 | |
| Enter build submenu | 48 | |
| Enter hero's abilities submenu | 16 | |
| Give item / drop item | 12 | |
| Remove unit from queue | 2 | |
| Right click | 1248 | |
| Select / deselect | 895 | |
| Select group hotkey | 705 | |
| Use ability | 420 | |
3825 total
» units
| Peasant | 35 | |
| Ogre Mauler | 4 | |
| Forest Troll Berserker | 1 | |
| Forest Troll Shadow Priest | 1 | |
| Mortar Team | 6 | |
| Sorceress | 7 | |
| Gryphon Rider | 6 | |
| Dragonhawk Rider | 9 | |
| Flying Machine | 3 | |
| Siege Engine | 6 | |
| Priest | 2 | |
80 total
» upgrades
| Masonry | 3 | |
| Gunpowder | 3 | |
| Lumber Harvesting | 2 | |
| Magic Sentry | 1 | |
| Sorceress Training | 2 | |
| Armor | 2 | |
| Flare | 1 | |
| Swords | 3 | |
| Storm Hammers | 1 | |
| Animal War Training | 1 | |
| Cloud | 1 | |
| Barrage | 1 | |
| Plating | 3 | |
| Priest Training | 2 | |
26 total
» buildings
| Altar of Kings | 1 | |
| Farm | 13 | |
| Arcane Vault | 2 | |
| Scout Tower | 27 | |
| Lumber Mill | 2 | |
| Arcane Tower | 8 | |
| Guard Tower | 21 | |
| Town Hall | 2 | |
| Keep | 2 | |
| Blacksmith | 2 | |
| Workshop | 4 | |
| Arcane Sanctum | 1 | |
| Castle | 1 | |
| Gryphon Aviary | 3 | |
| Barracks | 1 | |
90 total
» build order
00:05 Altar of Kings
00:25 Farm
00:46 Arcane Vault
00:50 Farm
01:24 Scout Tower
01:42 Lumber Mill
02:03 Arcane Tower
02:42 Scout Tower
02:43 Scout Tower
03:25 Guard Tower
03:32 Guard Tower
03:36 Scout Tower
04:25 Town Hall
04:28 Scout Tower
04:29 Scout Tower
04:29 Scout Tower
04:30 Scout Tower
04:32 Scout Tower
04:33 Scout Tower
04:56 Arcane Tower
05:02 Guard Tower
05:08 Guard Tower
05:16 Guard Tower
05:52 Guard Tower
05:59 Guard Tower
06:12 Guard Tower
06:15 Scout Tower
06:16 Scout Tower
06:18 Scout Tower
06:50 Guard Tower
06:51 Guard Tower
06:51 Guard Tower
06:52 Guard Tower
06:53 Guard Tower
07:11 Guard Tower
07:31 Keep
07:32 Keep
07:42 Scout Tower
08:16 Blacksmith
08:20 Scout Tower
08:23 Guard Tower
08:34 Scout Tower
08:36 Scout Tower
08:40 Scout Tower
08:49 Arcane Tower
09:09 Farm
09:09 Farm
09:10 Farm
09:13 Arcane Tower
09:14 Guard Tower
09:15 Arcane Vault
10:26 Workshop
10:26 Workshop
10:51 Arcane Sanctum
11:49 Farm
12:51 Castle
15:22 Farm
15:23 Farm
15:26 Gryphon Aviary
15:26 Gryphon Aviary
15:30 Barracks
18:13 Farm
21:03 Blacksmith
21:41 Scout Tower
22:18 Scout Tower
22:46 Workshop
22:48 Workshop
22:49 Farm
23:11 Arcane Tower
26:27 Scout Tower
26:28 Scout Tower
26:28 Scout Tower
26:29 Scout Tower
26:29 Scout Tower
26:30 Scout Tower
27:21 Guard Tower
27:22 Guard Tower
27:32 Arcane Tower
28:37 Lumber Mill
35:59 Town Hall
41:15 Farm
41:18 Arcane Tower
41:28 Scout Tower
45:25 Arcane Tower
» items
| Mechanical Critter | 9 | |
| Lesser Clarity Potion | 7 | |
| Scroll of Regeneration | 14 | |
| Dust of Appearance | 1 | |
| Staff of Teleportation | 2 | |
| Boots of Speed | 3 | |
| Potion of Healing | 17 | |
| Potion of Invisibility | 2 | |
| Periapt of Vitality | 3 | |
| Scroll of Town Portal | 5 | |
| Potion of Lesser Invulnerability | 3 | |
| Staff of Sanctuary | 2 | |
| Scroll of Healing | 1 | |
| Circlet of Nobility | 1 | |
| Orb of Fire | 1 | |
| Potion of Mana | 1 | |
72 total
team 2 (loser)
Gorgoth (
green | 46 APM | 2137 actions | 46:48)
5 Blademaster
3 Wind Walk
2 Critical Strike
4 Dark Ranger
2 Black Arrow
1 Silence
1 Life Drain
2 Naga Sea Witch
1 Frost Arrows
1 Forked Lightning
» actions
| Basic commands | 16 | |
| Build / train | 157 | |
| ESC pressed | 17 | |
| Enter build submenu | 83 | |
| Enter hero's abilities submenu | 11 | |
| Give item / drop item | 18 | |
| Right click | 1010 | |
| Select / deselect | 606 | |
| Use ability | 219 | |
2137 total
» units
| Peon | 80 | |
| Troll Witch Doctor | 6 | |
| Demolisher | 4 | |
| Troll Batrider | 5 | |
| Wind Rider | 8 | |
| Raider | 6 | |
109 total
» upgrades
| Witch Doctor Training | 2 | |
| Reinforced Defenses | 1 | |
| Envenomed Spears | 1 | |
| Ranged Weapons | 2 | |
| Armor | 1 | |
| Pillage | 1 | |
8 total
» buildings
| War Mill | 4 | |
| Orc Burrow | 7 | |
| Altar of Storms | 1 | |
| Voodoo Lounge | 1 | |
| Watch Tower | 45 | |
| Stronghold | 1 | |
| Fortress | 1 | |
| Spirit Lodge | 1 | |
| Great Hall | 20 | |
| Barracks | 2 | |
| Beastiary | 4 | |
87 total
» build order
00:08 War Mill
00:28 Orc Burrow
00:48 Altar of Storms
01:13 Voodoo Lounge
01:57 Watch Tower
02:47 Watch Tower
03:07 Orc Burrow
03:48 Watch Tower
03:56 Watch Tower
04:25 Watch Tower
05:26 Watch Tower
05:30 Stronghold
05:35 Watch Tower
05:41 Watch Tower
06:07 Watch Tower
06:29 Watch Tower
06:47 Watch Tower
06:54 Orc Burrow
06:59 Orc Burrow
07:49 Watch Tower
08:33 Fortress
08:38 Watch Tower
08:42 Watch Tower
08:49 Spirit Lodge
08:55 Watch Tower
09:45 Watch Tower
09:49 Watch Tower
10:18 Watch Tower
11:20 Great Hall
12:21 Great Hall
12:29 Barracks
12:43 Watch Tower
12:54 Watch Tower
13:10 Barracks
13:20 War Mill
13:36 Watch Tower
13:41 Watch Tower
14:26 Watch Tower
14:39 Great Hall
15:27 Watch Tower
15:40 Watch Tower
15:55 Watch Tower
17:22 Great Hall
17:30 Great Hall
17:41 Great Hall
18:07 Great Hall
18:31 Beastiary
18:39 Beastiary
19:28 Watch Tower
20:22 Watch Tower
22:29 Great Hall
23:10 Watch Tower
24:39 Beastiary
24:42 Beastiary
25:48 War Mill
26:44 Great Hall
26:56 Watch Tower
26:59 Watch Tower
28:26 Watch Tower
28:35 Watch Tower
28:35 Watch Tower
28:36 Watch Tower
28:36 Watch Tower
29:19 Watch Tower
29:25 Watch Tower
29:36 Great Hall
30:06 Great Hall
30:11 Watch Tower
30:20 Watch Tower
30:28 Watch Tower
30:56 Orc Burrow
30:56 Orc Burrow
32:21 Watch Tower
32:29 Great Hall
35:56 Great Hall
36:41 Great Hall
36:46 Watch Tower
37:28 Great Hall
38:52 War Mill
39:27 Great Hall
39:36 Watch Tower
40:20 Great Hall
43:19 Great Hall
43:35 Orc Burrow
45:03 Great Hall
46:02 Great Hall
» items
| Healing Salve | 5 | |
| Lesser Clarity Potion | 9 | |
| Boots of Speed | 1 | |
| Scroll of Healing | 1 | |
| Potion of Healing | 1 | |
| Orb of Lightning | 1 | |
| Dust of Appearance | 1 | |
| Scroll of Town Portal | 3 | |
22 total
Chat log
(46:45 / All) Gorgoth: fagest player ever
(46:47 / All) Boogaloo_Shrimp: lol u mad